 Dungeon Crawl Stone Soup version 0.18.1-48-g4cf74bf (webtiles) character file.

119 Wander the Poker (level 5, -2/41 HPs)
             Began as a Human Wanderer on Sept 9, 2016.
             Slain by a hobgoblin
             ... wielding a +0 club
              (4 damage)
             ... on level 3 of the Dungeon.
             The game lasted 00:04:09 (1568 turns).

Wander the Poker (Human Wanderer)                   Turns: 1568, Time: 00:04:10

Health: -2/41      AC:  6    Str: 12    XL:     5   Next: 24%
Magic:  5/5        EV:  8    Int: 16    God:
Gold:   146        SH:  0    Dex: 10    Spells: 0 memorised, 4 levels left

rFire  . . .     SeeInvis .     g - +2 spear (venom)
rCold  . . .     Gourm    .     m - +0 scale mail
rNeg   . . .     Faith    .     (no shield)
rPois  .         Spirit   .     (no helmet)
rElec  .         Dismiss  .     (no cloak)
rCorr  .         Reflect  .     (no gloves)
SustAt .         Harm     .     (no boots)
MR     .....                    (no amulet)
Stlth  ..........               (no ring)
                                (no ring)

@: not resistant to hostile enchantments, extremely unstealthy
A: no striking features
a: no special abilities


You were on level 3 of the Dungeon.
You were very hungry.

You visited 1 branch of the dungeon, and saw 3 of its levels.

You collected 146 gold pieces.

Inventory:

Hand Weapons
 a - a +2 mace
 b - a +0 hand axe
 g - a +2 spear of venom (weapon)
Armour
 m - a +0 scale mail (worn)
Wands
 p - a wand of disintegration (17/24)
Scrolls
 e - 2 scrolls of enchant weapon {unknown}
 h - 2 scrolls of recharging {unknown}
 k - 3 scrolls of remove curse {unknown}
 l - a scroll of fear {unknown}
 n - 5 scrolls of identify {unknown}
 o - a scroll of enchant armour {unknown}
Potions
 c - a potion of lignification
 d - a potion of haste {unknown}
 i - a potion of curing {unknown}
 j - a potion of agility {unknown}
 q - a potion of heal wounds
Comestibles
 f - a bread ration


   Skills:
 - Level 3.0 Fighting
 - Level 2.0 Maces & Flails
 * Level 4.4 Polearms
 - Level 3.0 Armour
 - Level 1.2 Stealth
 + Level 1.0 Evocations


You had 4 spell levels left.
You didn't know any spells.

Dungeon Overview and Level Annotations

Branches:
Dungeon (3/15)

Altars:
Dithmenos
Nemelex Xobeh
Qazlal
Sif Muna
Trog
The Shining One


Message History

Ijyb is lightly wounded.
Ijyb hits you but does no damage.
You hit Ijyb.
Ijyb is poisoned.
Ijyb is moderately wounded.
Ijyb hits you with a dagger.
* * * LOW HITPOINT WARNING * * *
You closely miss Ijyb.
Ijyb is moderately wounded.
Ijyb hits you but does no damage.
You hit Ijyb.
Ijyb looks even sicker.
Ijyb is heavily wounded.
Ijyb hits you but does no damage.
You hit Ijyb.
Ijyb is severely wounded.
Ijyb barely misses you.
You hit Ijyb.
You kill Ijyb!
You have reached level 5!
The hobgoblin hits you with a club.
You die...

#....#...#..... ..## #. ##.(.
#......##### ...##.## #...#
##.#.##.#########..#..###.#.#
#.....#.........##.##........
##...#.#..†..# #..#...........
#..###.......####<..#.........
#...#
##.......................
.....##
##....g##...#...)....... ..#..
#.....@o...†........... . #.#
#.....##(########...... . ..
######.....##.# #......
..####.......#####.# #.#....
.............# ##.# #.##...
.###.†.####### #..# ##.
......†# #####.##
.###...######.....#
#..........#####


You could see an orc and a hobgoblin.

Vanquished Creatures
  Ijyb (D:3)
  4 adders
  A worm (D:3)
  A dart slug (D:2)
  3 giant geckos
  3 orcs (D:3)
  A ball python (D:2)
  A giant cockroach (D:2)
  4 goblins
  4 hobgoblins
  6 jackals
  A quokka (D:3)
  A bat (D:1)
  6 giant newts
  6 kobolds
  3 rats (D:2)
46 creatures vanquished.

Notes
Turn   | Place    | Note
--------------------------------------------------------------
     0 | D:1      | Wander the Human Wanderer began the quest for the Orb.
     0 | D:1      | Wander set off with: a +2 mace, a +0 hand axe, a potion of lignification, a +0 robe, a bread ration
     0 | D:1      | Reached XP level 1. HP: 18/18 MP: 1/1
    45 | D:1      | Reached skill level 1 in Polearms
   167 | D:1      | Reached XP level 2. HP: 13/24 MP: 2/2
   310 | D:1      | Reached skill level 2 in Polearms
   366 | D:1      | Reached XP level 3. HP: 28/29 MP: 3/3
   685 | D:2      | Found a deep blue altar of Sif Muna.
   856 | D:2      | Reached skill level 3 in Polearms
   948 | D:2      | Reached XP level 4. HP: 26/35 MP: 4/4
  1123 | D:2      | Found a stormy altar of Qazlal.
  1124 | D:2      | Found a sparkling altar of Nemelex Xobeh.
  1131 | D:2      | Found a shadowy altar of Dithmenos.
  1132 | D:2      | Found a bloodstained altar of Trog.
  1136 | D:2      | Found a glowing golden altar of the Shining One.
  1529 | D:3      | Reached skill level 4 in Polearms
  1530 | D:3      | Noticed Ijyb
  1564 | D:3      | HP: 1/35 [Ijyb/dagger (3)]
  1568 | D:3      | Killed Ijyb
  1568 | D:3      | Reached XP level 5. HP: 1/41 MP: 5/5
  1568 | D:3      | Slain by a hobgoblin

Skill      XL: |  1  2  3  4 |
---------------+-------------+-----
Polearms       | 1 2 3 4 |  4.4
Fighting       | |  3.0
Maces & Flails | |  2.0
Armour         | |  3.0
Stealth        | |  1.2
Evocations     | |  1.0

Action                   |  1- 3 |  4- 6 || total
-------------------------+-------+-------++-------
Melee: Spear             |    91 |    65 ||   156
       Mace              |     1 |       ||     1
  Eat: Chunk             |       |     1 ||     1
Armor: Robe              |     3 |       ||     3
       Scale mail        |     7 |    22 ||    29
Dodge: Dodged            |    34 |    24 ||    58
